AoeStats
← Křovák

Arena

503842624Analyzed
1v1 RM · 1mo ago on Sep 2, 2026· 39m 52s· 2 players
Game mode
Random Map
Map size
Tiny (2 player)
Population
200
Speed
Normal
Resources
Standard
Victory
Conquest
Starting age
Dark Age
Ending age
Imperial Age
RankedLock teamsTeams togetherTeam positionsShared explorationLock speedFull tech treeHidden civsTurbo modeCheats
Victory
Defeat
🇨🇿 Turks · Czechia
886
+16
🇹🇷 Bulgarians · Türkiye
886
-16
Křovák
9:17 Loom
12:18 Feudal Age
13:42 Double-Bit Axe
16:10 Castle Age
15:10 Horse Collar
17:43 Bow Saw
18:29 Fletching
25:56 Heavy Plow
35:14 Imperial Age
33:40 Bodkin Arrow
39:57 Murder Holes
açi
10:10 Feudal Age
11:46 Loom
15:16 Castle Age
14:34 Double-Bit Axe
19:43 Fletching
20:05 Forging
21:57 Horse Collar
22:46 Bodkin Arrow
23:28 Iron Casting
24:14 Scale Barding Armor
26:40 Bow Saw
28:12 Chain Barding Armor
33:21 Wheelbarrow
32:37 Elite Skirmisher
33:45 Padded Archer Armor
34:21 Scale Mail Armor
34:40 Leather Archer Armor
35:43 Chain Mail Armor
35:31 Gold Mining
42:18 Imperial Age
40:06 Hand Cart
Connection lost

Rejoining the realm…

Still unreachable

The connection could not be restored.

Session expired

The server has moved on; the page needs a fresh start.